 Dungeon Crawl Stone Soup version 0.23.0-3-gf3c87f2 (webtiles) character file.

Game seed: 12628539816402375263

183 mopl the Slasher (level 5, 0/32 HPs)
             Began as a Kobold Abyssal Knight on Feb 22, 2019.
             Was a Believer of Lugonu.
             Slain by an ogre
             ... wielding a +0 giant club
              (18 damage)
             ... on level 4 of the Dungeon.
             The game lasted 00:04:53 (3185 turns).

mopl the Slasher (Kobold Abyssal Knight)            Turns: 3185, Time: 00:04:53

Health: 0/32       AC:  6    Str: 10    XL:     5   Next: 94%
Magic:  7/7        EV: 15    Int: 14    God:    Lugonu [**....]
Gold:   165        SH:  4    Dex: 17    Spells: 4/4 levels left

rFire    + . .     SeeInvis .   a - +1 falchion
rCold    . . .     Gourm    .   (shield restricted)
rNeg     . . .     Faith    .   b - +0 leather armour
rPois    .         Spirit   .   (no helmet)
rElec    .         Reflect  +   (no cloak)
rCorr    .         Harm     .   y - +2 pair of gloves {Dex+3}
MR       .....                  (no boots)
Stlth    ++........             k - +4 amulet of reflection
HPRegen  0.10/turn              u - ring of stealth
MPRegen  0.10/turn              w - ring of protection from fire

@: no status effects
A: small, carnivore
a: Depart the Abyss, Bend Space, Renounce Religion


You were on level 4 of the Dungeon.
You worshipped Lugonu.
Lugonu was pleased with you.
You were completely stuffed.

You visited 1 branch of the dungeon, and saw 4 of its levels.
You visited the Abyss 1 time.

You collected 165 gold pieces.

Inventory:

Hand Weapons
 a - a +1 falchion (weapon)
 p - a +0 hunting sling
 t - a +0 short sword
Missiles
 d - 99 stones (quivered)
 i - 6 poisoned needles
Armour
 b - a +0 leather armour (worn)
 o - a +1 chain mail of positive energy
 y - a +2 pair of gloves of dexterity (worn)
Jewellery
 k - a +4 amulet of reflection (around neck)
 u - a ring of stealth (left hand)
 w - a ring of protection from fire (right hand)
Scrolls
 e - a scroll of remove curse
 f - a scroll of amnesia {unknown}
 g - a scroll of torment {unknown}
 h - 2 scrolls of teleportation {unknown}
 l - 2 scrolls of enchant weapon {unknown}
 v - a scroll of magic mapping {unknown}
 x - 2 scrolls of immolation {unknown}
Potions
 j - 2 potions of lignification {!q}
 m - a potion of heal wounds
 q - 3 potions of haste {unknown}
 r - 4 potions of curing {unknown}
 s - a potion of berserk rage {!q}
 z - a potion of might
 C - 2 potions of flight
Comestibles
 c - 10 rations
 n - 4 chunks of flesh


   Skills:
 - Level 3.2 Fighting
 * Level 3.9 Long Blades
 - Level 0.7 Armour
 - Level 2.4 Dodging
 + Level 3.8 Invocations


You had 4 spell levels left.
You didn't know any spells.
Your spell library was empty.

Dungeon Overview and Level Annotations

Branches:
Dungeon (4/15)             Temple (0/1) D:4

Altars:
Fedhas
Okawaru
Uskayaw


Innate Abilities, Weirdness & Mutations

You are small and have problems with some larger weapons.
You are carnivorous and can eat meat at any time.


Message History

Found a leather armour.
Found a leather armour.
An ogre comes into view. It is wielding a +0 giant club.
The ogre moves out of view.
The ogre is too close now for your liking.
The ogre misses you.
You hit the ogre.
The ogre is lightly wounded.
You block the ogre's attack.
You hit the ogre.
The ogre is moderately wounded.
The ogre barely misses you.
You slash the ogre!
The ogre is heavily wounded.
The ogre hits you with a +0 giant club!
You hit the ogre but do no damage.
The ogre is heavily wounded.
The ogre hits you with a +0 giant club!!
Ouch! That really hurt!
You die...

############ #..........#
#..........# ######### .
#......@O..# #........
..######......#########.###....
..............###.......###....
...............................
.......)...............###.....
.....###.......................
... #...................#...
.....####...#......#...###.....
.........<....................


You could see an ogre.

Vanquished Creatures
  An orc wizard (D:4)
  A worker ant (D:4)
  Terence (D:3)
  2 adders
  An ooze (D:3)
  5 worms
  A dart slug (D:1)
  A leopard gecko (D:2)
  6 orcs
  5 giant cockroaches
  6 goblins
  7 hobgoblins
  3 jackals (D:2)
  A quokka (D:2)
  8 bats
  3 frilled lizards
  6 kobolds
  8 rats
66 creatures vanquished.

Notes
Turn   | Place    | Note
-------+----------+-------------------------------------------
     0 | Abyss:1  | mopl the Kobold Abyssal Knight began the quest for the Orb.
     0 | Abyss:1  | Reached XP level 1. HP: 14/14 MP: 2/2
    66 | Abyss:2  | Found a corrupted altar of Lugonu.
    92 | Abyss:2  | Noticed a hellion
   115 | D:1      | Escaped the Abyss
   356 | D:1      | Reached skill level 2 in Long Blades
   356 | D:1      | Reached XP level 2. HP: 15/19 MP: 3/3
   490 | D:1      | Reached * piety under Lugonu
   892 | D:2      | Reached XP level 3. HP: 16/23 MP: 4/4
  1220 | D:2      | Found a blossoming altar of Fedhas.
  1305 | D:2      | Found a faded altar of an unknown god.
  1314 | D:2      | Reached XP level 4. HP: 12/28 MP: 6/6
  1498 | D:2      | Found an iron altar of Okawaru.
  1635 | D:2      | Reached skill level 3 in Invocations
  1769 | D:3      | Reached skill level 3 in Long Blades
  1989 | D:3      | Reached ** piety under Lugonu
  2053 | D:3      | Noticed Terence
  2081 | D:3      | Killed Terence
  2081 | D:3      | Reached XP level 5. HP: 12/32 MP: 7/7
  2335 | D:3      | Found a hide-covered altar of Uskayaw.
  3116 | D:4      | Found a staircase to the Ecumenical Temple.
  3179 | D:4      | Noticed an ogre
  3185 | D:4      | Slain by an ogre

Skill      XL: |  1  2  3  4 |
---------------+-------------+-----
Long Blades    | 2 3 |  3.9
Invocations    | 3 |  3.8
Fighting       | |  3.2
Armour         | |  0.7
Dodging        | |  2.4

Action                   |  1- 3 |  4- 6 || total
-------------------------+-------+-------++-------
Melee: Falchion          |    84 |   139 ||   223
Throw: Stone             |     7 |       ||     7
Invok: Depart the Abyss  |     1 |       ||     1
  Use: Scroll            |       |     7 ||     7
 Stab: Sleeping          |     1 |     4 ||     5
  Eat: Chunk             |    10 |     6 ||    16
Armor: Leather armour    |    20 |    36 ||    56
Dodge: Dodged            |    29 |   104 ||   133
Block: Other             |     9 |    35 ||    44
       Rpst.: Falchion   |    10 |    38 ||    48
